 Dungeon Crawl Stone Soup version 0.21.0-24-g2553a3340b (webtiles) character file.

242 GordonOverkill the Cutter (level 6, -4/39 HPs)
             Began as a Kobold Skald on Jan 20, 2018.
             Slain by Sigmund
             ... wielding a +0 scythe
              (8 damage)
             ... on level 3 of the Dungeon.
             The game lasted 00:08:32 (3890 turns).

GordonOverkill the Cutter (Kobold Skald)            Turns: 3890, Time: 00:08:33

Health: -4/39      AC:  3    Str: 15    XL:     6   Next: 30%
Magic:  9/9        EV: 15    Int: 17    God:
Gold:   123        SH:  0    Dex: 15    Spells: 8/9 levels left

rFire    . . .     SeeInvis .   g - +1 dagger (elec)
rCold    . . .     Gourm    .   (shield restricted)
rNeg     . . .     Faith    .   b - +0 leather armour
rPois    .         Spirit   .   (no helmet)
rElec    .         Reflect  .   (no cloak)
rCorr    .         Harm     .   (no gloves)
MR       .....     Clarity  +   (no boots)
Stlth    +.........             (no amulet)
HPRegen  0.13/turn              (no ring)
MPRegen  0.11/turn              (no ring)

@: mighty, brilliant, hasted, very quick
A: small, carnivore, clarity, dopey 1
a: no special abilities


You were on level 3 of the Dungeon.
You were completely stuffed.

You visited 1 branch of the dungeon, and saw 3 of its levels.

You collected 123 gold pieces.

Inventory:

Hand Weapons
 g - a +1 dagger of electrocution (weapon)
 p - a +0 rapier
Armour
 b - a +0 leather armour (worn)
 q - a +0 chain mail
Jewellery
 l - a +2 ring of strength {unknown}
Scrolls
 e - 3 scrolls of identify {unknown}
 f - 2 scrolls of magic mapping {unknown}
 m - 2 scrolls of remove curse {unknown}
 o - a scroll of teleportation {unknown}
 r - a scroll of blinking {unknown}
 s - a scroll of fear {unknown}
Books
 c - a book of Battle

   Spells                             Type                      Level
   a - Infusion                       Charms                       1
   b - Shroud of Golubria             Charms/Translocation         2
   c - Song of Slaying                Charms                       2
   d - Spectral Weapon                Hexes/Charms                 3
   e - Regeneration                   Charms/Necromancy            3
Comestibles
 d - 5 rations
 t - a chunk of flesh


   Skills:
 + Level 4.5 Fighting
 + Level 6.1 Short Blades
 - Level 1.0 Armour
 - Level 3.0 Dodging
 - Level 2.1 Spellcasting
 - Level 2.4 Charms


You had 8 spell levels left.
You knew the following spells:

 Your Spells              Type           Power        Failure   Level  Hunger
a - Infusion              Chrm           ###.         1%          1    #......


Dungeon Overview and Level Annotations

Branches:
Dungeon (3/15)

Altars:

Annotations:
D:3 2 exclusions, Krosko's ghost, amateur GrFi; Sigmund


Innate Abilities, Weirdness & Mutations

You are small and have problems with some larger weapons.
You are carnivorous and can eat meat at any time.
You possess an exceptional clarity of mind.
You are dopey. (Int -2)


Message History

You feel stupid.
Your thoughts seem clearer.
Sigmund hits you but does no damage.
It was a potion of flight.
Your roots keep you in place.
Sigmund hits you from afar with a scythe.
* * * LOW HITPOINT WARNING * * *
It was a potion of haste.
You feel yourself speed up. Sigmund hits you but does no damage.
Sigmund hits you from afar with a scythe.
* * * LOW HITPOINT WARNING * * *
Sigmund hits you from afar with a scythe.
* * * LOW HITPOINT WARNING * * *
Sigmund barely misses you.
You feel less wooden.
Your +0 leather armour unmelds from your body.
Sigmund casts a spell.
Sigmund flickers and vanishes!
Deactivating autopickup; reactivate with Ctrl-A.
Something completely misses you. Something hits you!
You die...

############ #...#......#####
#.........$.. ##.##........ ..
#### #....#..#### ###.# ##..##
##.##@#..# ...# #..#.###..##.#..#
#..# #g@#.....#.##.#..# #.>#
#..#..##.##.##.#..# #..# ...#...
#.##.##>#..### #..### ########
#.#..........# #.....
##########.#[.......#.# #####.##.
....................#.# #.....##.
######.##.######.####.###.######.


There were no monsters in sight!

Vanquished Creatures
  An orc priest (D:3)
  An orc wizard (D:3)
  Terence (D:3)
  5 adders (D:3)
  4 oozes
  A worm (D:2)
  2 dart slugs (D:1)
  3 leopard geckos
  5 orcs (D:3)
  3 giant cockroaches
  12 hobgoblins
  9 jackals
  2 quokkas
  8 bats
  3 frilled lizards
  10 goblins
  6 kobolds
  5 rats
81 creatures vanquished.

Notes
Turn   | Place    | Note
-------+----------+-------------------------------------------
     0 | D:1      | GordonOverkill the Kobold Skald began the quest for the Orb.
     0 | D:1      | Reached XP level 1. HP: 12/12 MP: 3/3
    26 | D:1      | Reached skill level 1 in Armour
    77 | D:1      | Reached skill level 3 in Short Blades
    77 | D:1      | Reached XP level 2. HP: 15/18 MP: 0/5
   421 | D:1      | Reached XP level 3. HP: 22/22 MP: 6/6
   887 | D:1      | Reached skill level 4 in Short Blades
  1119 | D:2      | Reached XP level 4. HP: 24/28 MP: 7/7
  2163 | D:3      | Noticed Terence
  2175 | D:3      | Killed Terence
  2175 | D:3      | Reached skill level 5 in Short Blades
  2175 | D:3      | Reached XP level 5. HP: 7/32 MP: 3/8
  2440 | D:3      | Noticed Krosko's ghost (amateur GrFi)
  3492 | D:3      | Reached XP level 6. HP: 23/38 MP: 5/9
  3493 | D:3      | Reached skill level 6 in Short Blades
  3840 | D:3      | Noticed Sigmund
  3873 | D:3      | Gained mutation: You are dopey. (Int -2) [potion of mutation]
  3873 | D:3      | Gained mutation: You possess an exceptional clarity of mind. [potion of mutation]
  3890 | D:3      | Slain by Sigmund

Skill      XL: |  1  2  3  4  5  6 |
---------------+-------------------+-----
Armour         | 1 |  1.0
Short Blades   | 3 4 5 6 |  6.1
Dodging        | 3 |  3.0
Fighting       | 3 4 |  4.5
Spellcasting   | |  2.1
Charms         | |  2.4

Action                   |  1- 3 |  4- 6 || total
-------------------------+-------+-------++-------
Melee: Short sword       |    32 |       ||    32
       Dagger            |    49 |   184 ||   233
 Cast: Infusion          |     3 |     5 ||     8
  Use: Potion            |       |     6 ||     6
  Eat: Chunk             |     9 |     9 ||    18
Armor: Leather armour    |    18 |    27 ||    45
       Skin              |       |    10 ||    10
Dodge: Dodged            |    64 |   115 ||   179
